 Dungeon Crawl Stone Soup version 0.25-a0-67-g7dccc1bee0 (webtiles) character file.

Game seed: 12333052639395894097, levelgen mode: deterministic

0 Gargoyl the Skirmisher (level 1, 0/28 HPs)
             Began as a Draconian Abyssal Knight on Nov 2, 2019.
             Was a Follower of Lugonu.
             Slain by an apocalypse crab (14 damage)
             ... on level 1 of the Abyss.
             The game lasted 00:00:26 (119 turns).

Gargoyl the Skirmisher (Draconian Abyssal Knight)    Turns: 119, Time: 00:00:27

Health: 0/28       AC:  4    Str: 19    XL:     1   Next: 0%
Magic:  2/2        EV: 12    Int: 12    God:    Lugonu [*.....]
Gold:   0          SH:  0    Dex: 10    Spells: 0/0 levels left

rFire    . . .     SeeInvis .   a - +1 hand axe
rCold    . . .     Gourm    .   (no shield)
rNeg     . . .     Faith    .   (armour unavailable)
rPois    .         Spirit   .   (helmet restricted)
rElec    .         Reflect  .   (no cloak)
rCorr    .         Harm     .   (no gloves)
MR       .....                  (no boots)
Stlth    ..........             (no amulet)
HPRegen  0.09/turn              (no ring)
MPRegen  0.08/turn              (no ring)

@: berserking (expiring), hasted, very quick
A: unfitting armour, cold-blooded, AC +4
a: Depart the Abyss, Renounce Religion


You were on level 1 of the Abyss.
You worshipped Lugonu.
Lugonu was aware of your devotion.
You were not hungry.

You visited 0 branches of the dungeon, and saw 0 of its levels.
You visited the Abyss 1 time.

Inventory:

Hand Weapons
 a - a +1 hand axe (weapon)
Comestibles
 b - a ration


   Skills:
 + Level 3.2 Fighting
 + Level 2.0 Axes
 + Level 2.1 Dodging
 + Level 2.0 Invocations


You couldn't memorise any spells.
You didn't know any spells.
Your spell library was empty.

Dungeon Overview and Level Annotations

Branches:
Dungeon (0/15)

Altars:


Innate Abilities, Weirdness & Mutations

Your plain brown scales are hard. (AC +4)
You cannot fit into any form of body armour.
You are cold-blooded and may be slowed by cold attacks.


Message History

The starspawn tentacle grabs you. The starspawn tentacle constricts you.
A starspawn tentacle comes into view.
The starspawn tentacle's grasp on you weakens, but your attempt to escape fails.
You escape the starspawn tentacle's grasp.
The starspawn tentacle grabs you. The starspawn tentacle constricts you.
You escape the starspawn tentacle's grasp.
A tentacled starspawn comes into view.
An apocalypse crab comes into view.
The apocalypse crab breathes chaos at you.
You are engulfed in seething chaos.
A red film seems to cover your vision as you go berserk!
You feel yourself moving faster!
You feel mighty!
A starcursed mass comes into view.
You are engulfed in seething chaos.
You feel a strong urge to attack something.
The starcursed mass shrieks in your mind.
Found a corrupted altar of Lugonu.
The apocalypse crab bites you. The apocalypse crab freezes you!
Ouch! That really hurt!
You die...

#.#...#.#..#
#.#.### ##
###...#### #
#..#...##
#.###.§§#§§#
#..##.§§§##
#..#§§§#
...##§.#§###
##. #.#.@t..#
........#...#
##............#
#.#.#...##..##
###...#X. ....
.... .# #...
#..._ ## ...
..#.. .#


You could see an apocalypse crab.

Vanquished Creatures (others)
  6 starspawn tentacles (Abyss:1)
6 creatures vanquished.

Notes
Turn   | Place    | Note
-------+----------+-------------------------------------------
     0 | Abyss:1  | Gargoyl the Draconian Abyssal Knight began the quest for
                  | the Orb.
     0 | Abyss:1  | Reached XP level 1. HP: 19/19 MP: 2/2
    65 | Abyss:1  | Noticed a glowing orange brain
    66 | Abyss:1  | Noticed a tentacled starspawn
   111 | Abyss:1  | Noticed a tentacled starspawn
   114 | Abyss:1  | Noticed an apocalypse crab
   116 | Abyss:1  | Noticed a starcursed mass
   118 | Abyss:1  | Found a corrupted altar of Lugonu.
   119 | Abyss:1  | Slain by an apocalypse crab

Levels and vault maps discovered:
Abyss:1

Action                   || total
-------------------------++-------
Melee: Hand axe          ||     4
       Tailslap          ||     1
  Use: Scroll            ||     1
       Potion            ||     1
Armor: Skin              ||     1
Dodge: Dodged            ||     1

Table legend:
 A = Non-vault XP
 B = Vault XP
 C = Vault XP percentage of total XP
 D = Non-vault monster count
 E = Vault monster count
 F = Vault count percentage of total count
                 A         B        C        D         E       F
            +---------+---------+-------+---------+---------+-------
      Total |       0 |       0 |   N/A |       0 |       0 |  -nan
            +---------+---------+-------+---------+---------+-------
            +---------+---------+-------+---------+---------+-------
